 Dungeon Crawl Stone Soup version bcrawl-1.28.1b (webtiles) character file.

Game seed: 3597389340142088911

93267 Adamkad1 the Conjurer (level 4, -5/33 HPs)
             Began as a Sand Dwarf Conjurer on Dec 16, 2020.
             Killed by nerve-wracking pain
             ... invoked by an orc priest
              (12 damage)
             ... on level 3 of the Dungeon.
             The game lasted 00:06:34 (3180 turns).

Adamkad1 the Conjurer (Sand Dwarf Conjurer)         Turns: 3180, Time: 00:06:35

Health: -5/33      AC:  7    Str: 13    XL:     4   Next: 63%
Magic:  8/8        EV: 13    Int: 16    God:
Gold:   131        SH:  0    Dex: 11    Spells: 2/8 levels left

rFire    . . .     SeeInvis .   s - +0 dagger
rCold    . . .     Gourm    .   (shield restricted)
rNeg     . . .     Faith    .   m - +0 ring mail
rPois    .         Spirit   .   d - +1 helmet
rElec    .         Reflect  .   (no cloak)
rCorr    .         Harm     .   (no gloves)
MR       .....                  (no boots)
Stlth    +.........             (no amulet)
HPRegen  0.11/turn              (no ring)
MPRegen  0.11/turn              (no ring)

@: slow
A: small, slowness 1, armour attunement
a: no special abilities


You were on level 3 of the Dungeon.
You were not hungry.

You visited 1 branch of the dungeon, and saw 3 of its levels.

You collected 131 gold pieces.

Inventory:

Hand Weapons
 g - a +0 club
 p - a +0 club
 s - a +0 dagger (weapon)
 v - a +0 whip
 x - a +0 dagger
Armour
 a - a +0 robe
 d - a +1 helmet (worn)
 h - a +2 robe of magic resistance
 m - a +0 ring mail (worn)
 u - a +0 pair of gloves
Scrolls
 b - a scroll of amnesia {unknown}
 f - a scroll of immolation {unknown}
 i - 2 scrolls of fog {unknown}
 j - 5 scrolls of identify
 l - 3 scrolls of blinking {unknown}
 o - a scroll of remove curse {unknown}
 r - a scroll of enchant weapon {unknown}
Potions
 c - a potion of magic
 k - 2 potions of agility {unknown}
 n - 2 potions of haste {unknown}
 q - 3 potions of curing {unknown}
 t - a potion of lignification {unknown}
Comestibles
 e - 4 rations {!d}
 w - a chunk of flesh


   Skills:
 + Level 1.6 Armour
 + Level 2.0 Dodging
 + Level 2.0 Stealth
 * Level 2.9 Spellcasting
 * Level 3.0 Conjurations


You had 2 spell levels left.
You knew the following spells:

 Your Spells              Type           Power        Failure   Level  Hunger
a - Magic Dart            Conj           ##..         5%          1    None
b - Searing Ray           Conj           ##......     9%          2    #......
c - Iskenderun's Mystic   Conj           ##......     16%         3    ####...

Your spell library contained the following spells:

 Spells                   Type           Power        Failure   Level  Hunger
 Dazzling Orbs            Conj/Hex       #......      30%         3    ####...
 Confuse                  Hex            #.......     50%         3    ####...
 Fulminant Prism          Conj/Hex       #.........   69%         4    #####..
 Petrify                  Tmut/Erth      #.........   88%         4    #####..
 Yara's Violent Unravell  Hex/Tmut       #.........   88%         4    #####..
 Irradiate                Conj/Tmut      #.........   95%         5    #######
 Metabolic Englaciation   Hex/Ice        #.........   99%         5    #######
 Mana Rupture             Conj/Hex       #.........   100%        7    #######


Dungeon Overview and Level Annotations

Branches:
Dungeon (3/12)

Altars:


Innate Abilities, Weirdness & Mutations

You are small and have problems with some larger weapons.
You cover ground slowly.
Armour does not affect your spellcasting.


Message History

The goblin hits you. The goblin completely misses you.
You see here a +0 club.
You see here a +0 club.
Things that are here:
a +0 short sword; 43 poisoned tomahawks; an orc skeleton The goblin misses you.
The goblin hits you but does no damage.
The orc priest calls down the wrath of Beogh upon you.
Beogh smites you!
* * * LOW HITPOINT WARNING * * *
The goblin hits you but does no damage. The goblin barely misses you.
The goblin misses you.
You hit the goblin.
The goblin is heavily wounded.
The goblin hits you but does no damage.
The orc priest invokes the aid of Beogh against you.
Pain shoots through your body!
You die...

...#........# #.#
.########...## #.# .#
##.....######### #.# .##
##..........o...###o#
..####.........####...##.#
.)...'.........+.......#.#
..####.........##.o....o.#
.## ##.......###.##.#####
.# ##.....og.@....# .#
##...#####.#### ## ##'##
#.# #.# #.# # #.# #.# ##
### ##.## #.#
.####.###...## #.#
#.##...#.....####.#
..................#


You could see an orc priest, an orc and a goblin.

Vanquished Creatures
  3 gnolls (D:3)
  An adder (D:3)
  An ooze (D:3)
  An adder skeleton (D:3)
  2 worms (D:2)
  A dart slug (D:2)
  A leopard gecko (D:1)
  An orc (D:3)
  5 bats
  A giant cockroach (D:1)
  10 hobgoblins
  A jackal (D:2)
  A frilled lizard (D:2)
  3 goblins
  4 kobolds
  A quokka skeleton (D:3)
  3 rats
40 creatures vanquished.

Notes
Turn   | Place    | Note
-------+----------+-------------------------------------------
     0 | D:1      | Adamkad1 the Sand Dwarf Conjurer began the quest for the
                  | Orb.
     0 | D:1      | Reached XP level 1. HP: 14/14 MP: 3/3
   359 | D:1      | Reached XP level 2. HP: 20/20 MP: 1/5
   383 | D:1      | Learned a level 2 spell: Searing Ray
   965 | D:2      | Found a faded altar of an unknown god.
  1095 | D:2      | Reached skill level 1 in Armour
  1554 | D:2      | Reached XP level 3. HP: 26/26 MP: 1/6
  2543 | D:3      | Learned a level 3 spell: Iskenderun's Mystic Blast
  2721 | D:3      | Reached XP level 4. HP: 33/33 MP: 0/8
  2804 | D:3      | Reached skill level 3 in Conjurations
  3180 | D:3      | Killed from afar by an orc priest

Skill      XL: |  1  2  3  4 |
---------------+-------------+-----
Armour         | 1 |  1.6
Dodging        | 2 |  2.0
Conjurations   | 3 |  3.0
Stealth        | 2 |  2.0
Spellcasting   | |  2.9

Action                   |  1- 3 |  4- 6 || total
-------------------------+-------+-------++-------
Melee: Unarmed           |    54 |       ||    54
       Dagger            |     1 |    16 ||    17
 Cast: Magic Dart        |    70 |    22 ||    92
       Searing Ray       |    12 |     1 ||    13
  Eat: Chunk             |    11 |     2 ||    13
Armor: Ring mail         |    18 |    12 ||    30
       Robe              |     1 |       ||     1
Dodge: Dodged            |    39 |    17 ||    56
